 Dungeon Crawl Stone Soup version 0.28.0-53-g5a82cb258f (webtiles) character file.

Game seed: 6932243149621905437

214 mcbry74 the Covered (level 5, -1/44 (47) HPs)
             Began as a Hill Orc Fighter on July 8, 2022.
             Was an Initiate of Ashenzari.
             Slain by a wight
             ... wielding a +0 great sword
              (5 damage)
             ... on level 4 of the Dungeon.
             The game lasted 00:08:33 (3264 turns).

mcbry74 the Covered (Hill Orc Fighter)              Turns: 3264, Time: 00:08:33

HP:   -1/44 (47)    AC:  7    Str: 25    XL:     5   Next: 91%
MP:   5/5           EV:  9    Int: 10    God:    Ashenzari [......]
Gold: 194           SH:  6    Dex: 10    Spells: 4/4 levels left

rFire   . . .      SeeInvis .   a - +0 flail (vorpal)
rCold   . . .      Faith    .   c - +2 buckler of the Bound Sun {Self, Comp} (curse)
rNeg    . . .      Spirit   .   b - +0 scale mail
rPois   .          Reflect  .   (no helmet)
rElec   .          Harm     .   (no cloak)
rCorr   .          Rampage  .   (no gloves)
Will    .....                   (no boots)
Stlth   ..........              j - amulet of the acrobat
HPRegen 0.14/turn               s - +6 ring of strength
MPRegen 0.09/turn               (no ring)

@: drained
A: no striking features
a: Renounce Religion, Curse Item, Shatter the Chains


You were on level 4 of the Dungeon.
You worshipped Ashenzari.
Ashenzari was noncommittal.
You visited 1 branch of the dungeon, and saw 4 of its levels.

You collected 194 gold pieces.

Inventory:

Hand Weapons
 a - a +0 vorpal flail (weapon)
Missiles
 n - 2 poisoned darts (quivered)
Armour
 b - a +0 scale mail (worn)
 c - the cursed +2 buckler of the Bound Sun (worn) {Self, Comp}

   It has a curse which improves the following skills: Introspection: Fighting
   and Spellcasting.
   Companions: Summonings and Necromancy.
Jewellery
 j - an amulet of the acrobat (around neck)
 s - a +6 ring of strength (left hand)
Scrolls
 f - a scroll of torment {unknown}
 h - a scroll of brand weapon
 i - a scroll of blinking
 p - a scroll of holy word {unknown}
 q - 3 scrolls of identify {unknown}
 t - a scroll of fog {unknown}
Potions
 d - a potion of might
 e - a potion of magic {unknown}
 g - a potion of resistance {unknown}
 k - 2 potions of ambrosia {unknown}
 l - a potion of curing {unknown}
 m - 3 potions of brilliance {unknown}
 o - a potion of degeneration {unknown}
 r - a potion of attraction {unknown}


   Skills:
 - Level 4.0(4.3) Fighting
 * Level 4.4 Maces & Flails
 + Level 0.5 Throwing
 + Level 5.0 Armour
 - Level 4.0 Shields


You had 4 spell levels left.
You didn't know any spells.
Your spell library contained the following spells:

 Spells                   Type           Power      Damage    Failure   Level
 Gell's Gravitas          Tloc           0%         N/A       97%         3
 Lesser Beckoning         Tloc           0%         N/A       97%         3
 Teleport Other           Tloc           0%         N/A       97%         3


Dungeon Overview and Level Annotations

Branches:
Dungeon (4/15)
 Temple: D:4-7

Altars:
Ashenzari
Wu Jian

Shops:
D:4 (


Message History

Your life force feels restored.
You start resting.
HP restored.
You start waiting.
Done waiting.
There is a stone staircase leading down here.
You climb downwards.
There is a stone staircase leading up, spattered with blood here.
q - 3 scrolls labelled MOSOEM SOLAN (gained 1)
A kobold comes into view.
It is wielding a +2 dagger of holy wrath.
The kobold shouts!
The kobold moves out of view.
You barely miss the kobold. The kobold barely misses you.
You hit the kobold.
You kill the kobold!
Your Armour skill increases to level 5!
Things that are here:
a +2 dagger of holy wrath; a kobold corpse An orc comes into view.
It is wielding a +0 club.
The orc shouts!
You hear a shout!
An orc is nearby!
A goblin comes into view. It is wielding a +0 dagger.
Found Onaloe Niryo's Antique Weapon Boutique.
The adder hisses angrily.
An orc comes into view. It is wielding a +0 hand axe.
There are monsters nearby!
There are monsters nearby!
A wight comes into view. It is wielding a +3 halberd.
A wight comes into view. It is wielding a +0 great sword.
You block the wight's attack.
You barely miss the wight. The wight hits you with a +3 halberd!
You closely miss the wight. The wight hits you with a +3 halberd!
You feel drained.
You closely miss the wight. The wight hits you with a +3 halberd!
* * * LOW HITPOINT WARNING * * *
You feel drained.
* * * LOW HITPOINT WARNING * * *
There is a stone staircase leading up, spattered with blood here.
The wight hits you with a +0 great sword.
You die...

#.......#.......
#.......).......
##.....##.......
####.......######.#
#..........#
#.#........##
#...........####...
######....#.........
#######...@z####....
#............z......
#..........####.....
#............# ...
#.........##### #
#........##≈≈≈#
#.......##≈...≈
#.......#oS....
######..#g..∩..


You could see 2 wights.

Vanquished Creatures
  A wight (D:3)
  A hound (D:3)
  An orc wizard (D:3)
  3 adders
  A gnoll (D:1)
  3 worms
  A dart slug (D:3)
  8 orcs (D:3)
  5 endoplasms
  2 giant cockroaches (D:1)
  7 goblins
  4 hobgoblins
  3 jackals (D:3)
  4 quokkas
  3 ball pythons
  7 bats
  3 frilled lizards
  6 kobolds
  3 rats (D:3)
66 creatures vanquished.

Notes
Turn   | Place    | Note
-------+----------+-------------------------------------------
     0 | D:1      | mcbry74 the Hill Orc Fighter began the quest for the Orb.
     0 | D:1      | Reached XP level 1. HP: 19/19 MP: 1/1
   210 | D:1      | Reached XP level 2. HP: 27/27 MP: 2/2
   564 | D:1      | Reached XP level 3. HP: 33/33 MP: 3/3
   883 | D:1      | Found a faded altar of an unknown god.
   888 | D:1      | Prayed at the altar of an unknown god.
   888 | D:1      | Became a worshipper of Ashenzari the Shackled
  1627 | D:2      | Reached skill level 4 in Armour
  1627 | D:2      | Reached XP level 4. HP: 19/41 MP: 4/4
  2160 | D:3      | Reached XP level 5. HP: 47/47 MP: 5/5
  2205 | D:3      | Found an ornate altar of the Wu Jian Council.
  3224 | D:4      | Reached skill level 5 in Armour
  3246 | D:4      | Found Onaloe Niryo's Antique Weapon Boutique.
  3264 | D:4      | Slain by a wight

Illustrated notes

Levels and vault maps discovered:
D:1:      tarquinn_simple_flora_water_e, layout_rooms,
          chequers_ecumenical_altar_grove, nrook_mini_vaults, minmay_hexomino_u4
D:2:      layout_loops_ring, kennysheep_small_spiral, feat_on_display
D:3:      layout_loops_cross, mainiacjoe_overflow_concentric_impassable
D:4:      layout_rooms, hangedman_glass_garden, kennysheep_windowed_goal

Skill      XL: |  1  2  3  4  5 |
---------------+----------------+-----
Fighting       | 4 |  4.0
Maces & Flails | 3 4 |  4.4
Armour         | 4 5 |  5.0
Shields        | 4 |  4.0
Throwing       | |  0.5

Action                   |  1- 3 |  4- 6 || total
-------------------------+-------+-------++-------
Melee: Flail             |   120 |   106 ||   226
Invok: Curse Item        |     1 |       ||     1
  Use: Scroll            |     4 |     3 ||     7
Armor: Scale mail        |    48 |    27 ||    75
Dodge: Dodged            |    70 |    47 ||   117
Block: Buckler           |    34 |    33 ||    67
